 Dungeon Crawl Stone Soup version 0.20.1-1-g8b1a95d (console) character file.

518 hilaritas the Magician (level 7, 0/60 HPs)
             Began as a Deep Elf Earth Elementalist on Jan 23, 2018.
             Slain by a hippogriff (3 damage)
             ... on level 4 of the Dungeon.
             The game lasted 00:12:46 (3649 turns).

hilaritas the Magician (DEEE)                       Turns: 3649, Time: 00:12:47

Health: 0/60       AC:  5    Str: 10    XL:     7   Next: 1%
Magic:  3/17       EV: 15    Int: 22    God:
Gold:   209        SH:  0    Dex: 15    Spells: 3/17 levels left

rFire    . . .     SeeInvis .   a - +1 short sword
rCold    . . .     Gourm    +   (no shield)
rNeg     . . .     Faith    .   c - +0 robe
rPois    .         Spirit   .   (no helmet)
rElec    .         Reflect  .   (no cloak)
rCorr    .         Harm     .   (no gloves)
MR       .....                  q - +2 pair of boots
Stlth    ..........             n - amulet of the gourmand
Regen    0.2/turn               (no ring)
MPRegen  0.2/turn               (no ring)

@: berserking, very quick
A: no striking features
a: no special abilities


You were on level 4 of the Dungeon.
You were very full.

You visited 1 branch of the dungeon, and saw 4 of its levels.
You also visited: Sewer.

You collected 209 gold pieces.

Inventory:

Hand Weapons
 a - a +1 short sword (weapon)
Missiles
 b - 17 stones (quivered)
 r - 17 arrows
Armour
 c - a +0 robe (worn)
 q - a +2 pair of boots (worn)
Jewellery
 j - an uncursed amulet of harm
 n - an amulet of the gourmand (around neck)
Scrolls
 g - 6 scrolls of teleportation
 s - a scroll of amnesia
Potions
 f - a potion of brilliance {unknown}
 h - 2 potions of haste
 i - 2 potions of resistance
 k - a potion of mutation
 m - a potion of might {unknown}
 p - a potion of berserk rage
 t - a potion of curing {unknown}
Books
 e - a book of Geomancy

   Spells                             Type                      Level
   a - Sandblast                      Earth                        1
   b - Passwall                       Transmutation/Earth          2
   c - Stone Arrow                    Conjuration/Earth            3
   d - Petrify                        Transmutation/Earth          4
   e - Lee's Rapid Deconstruction     Earth                        5
 l - a book of Callings

   Spells                             Type                      Level
   a - Summon Small Mammal            Summoning                    1
   b - Call Imp                       Summoning                    2
   c - Call Canine Familiar           Summoning                    3
   d - Summon Guardian Golem          Hexes/Summoning              3
   e - Summon Lightning Spire         Summoning/Air                4
   f - Summon Ice Beast               Ice/Summoning                4
Comestibles
 d - 5 bread rations
 o - a chunk of flesh
 u - a royal jelly


   Skills:
 * Level 2.3 Fighting
 * Level 4.8 Dodging
 - Level 2.4 Stealth
 + Level 5.6 Spellcasting
 - Level 2.1 Conjurations
   Level 1.1 Transmutations
 - Level 5.0 Earth Magic


You had 3 spell levels left.
You knew the following spells:

 Your Spells              Type           Power        Failure   Level  Hunger
a - Sandblast             Erth           ####..       1%          1    None
b - Stone Arrow           Conj/Erth      ###...       6%          3    ##.....
c - Lee's Rapid Deconstr  Erth           ####......   32%         5    #####..
d - Summon Ice Beast      Ice/Summ       #.......     67%         4    ####...
e - Summon Small Mammal   Summ           #...         10%         1    None


Dungeon Overview and Level Annotations

Branches:
Dungeon (4/15)
 Temple: D:4-7

Altars:
Hepliaklqana


Message History

Confirm with . or Enter, or press ? or * to list all spells.
Aiming: Stone Arrow
Press: ? - help, Shift-Dir - straight line, f/p - hippogriff
Aim: a hippogriff (heavily wounded)
The stone arrow hits the hippogriff.
The hippogriff is severely wounded.
The hippogriff bites you! The hippogriff pecks you! The hippogriff claws you.
* * * LOW HITPOINT WARNING * * *
A red film seems to cover your vision as you go berserk!
You feel yourself moving faster!
You feel mighty!
The hippogriff bites you but does no damage.
The hippogriff pecks you.
* * * LOW HITPOINT WARNING * * *
The hippogriff claws you but does no damage.
You puncture the hippogriff!
The hippogriff is almost dead.
The hippogriff bites you.
* * * LOW HITPOINT WARNING * * *
The hippogriff pecks you.
You die...

*** ###*************,*
#..,,,,,,,,,,,,,,*
#.#*************,* #[# *****,*
###### #.# *,,,,,* #....# #.#
*,******** ####....#####.########
*,,,,,,,,, ....................>#
********** #####+#######.##@#####
*,,,,,,,,* #...........#.##H#***
*,***,,,,*
#.###.###.....##..,,****,***,*,,*
#......##......#...,,,,,,,,,,*,,*
#####..##....####...,,,*,,,,,,,,*
#..##....# *....,,********,*
#..##....# *.....,* *****,*
#..##....###*......* *,,,,,*
##..##......#*,,,,,,* *,*****
#...........#******** *,* * #
#...........# *,*****


You could see a hippogriff.

Vanquished Creatures
  A crocodile (Sewer)
  6 orc priests (D:3)
  3 orc wizards (D:3)
  3 gnolls (D:3)
  An adder (D:3)
  4 oozes
  4 worms
  A dart slug (D:2)
  3 leopard geckos
  18 orcs
  A ball python (D:4)
  4 giant cockroaches
  9 goblins
  11 hobgoblins
  6 jackals (D:3)
  3 quokkas
  11 bats
  7 frilled lizards
  7 kobolds
  10 rats
113 creatures vanquished.

Notes
Turn   | Place    | Note
-------+----------+-------------------------------------------
     0 | D:1      | hilaritas the Deep Elf Earth Elementalist began the quest for the Orb.
     0 | D:1      | Reached XP level 1. HP: 10/10 MP: 6/6
   160 | D:1      | Reached XP level 2. HP: 14/15 MP: 5/8
   654 | D:2      | Reached XP level 3. HP: 20/20 MP: 7/9
   851 | D:2      | Learned a level 3 spell: Stone Arrow
  1152 | D:2      | Reached skill level 1 in Fighting
  1339 | D:2      | Found a hazy altar of Hepliaklqana.
  1379 | D:2      | Found a faded altar of an unknown god.
  1429 | D:2      | Reached XP level 4. HP: 24/25 MP: 7/10
  1594 | D:3      | Reached skill level 5 in Earth Magic
  1601 | D:3      | Reached skill level 1 in Conjurations
  1681 | D:3      | Reached XP level 5. HP: 29/29 MP: 7/11
  1888 | D:3      | Reached XP level 6. HP: 29/35 MP: 5/14
  1900 | D:3      | Learned a level 5 spell: Lee's Rapid Deconstruction
  2005 | D:3      | Learned a level 4 spell: Summon Ice Beast
  2816 | D:3      | Learned a level 1 spell: Summon Small Mammal
  3041 | D:4      | Found a glowing drain.
  3067 | Sewer    | Entered a sewer
  3071 | Sewer    | Reached skill level 5 in Spellcasting
  3419 | D:4      | Reached XP level 7. HP: 40/40 MP: 12/17
  3641 | D:4      | Noticed a hippogriff
  3649 | D:4      | HP: 3/60 [hippogriff (4)]
  3649 | D:4      | Slain by a hippogriff

Skill      XL: |  1  2  3  4  5  6 |
---------------+-------------------+-----
Earth Magic    | 4 5 |  5.0
Fighting       | 1 2 |  2.3
Dodging        | 3 4 |  4.8
Conjurations   | 1 2 |  2.1
Spellcasting   | 4 5 |  5.6
Stealth        | |  2.4
Transmutations | |  1.1

Action                   |  1- 3 |  4- 6 |  7- 9 || total
-------------------------+-------+-------+-------++-------
Melee: Short sword       |       |    11 |     1 ||    12
 Cast: Sandblast         |    70 |    86 |       ||   156
       Stone Arrow       |       |    19 |     8 ||    27
  Use: Scroll            |     6 |     9 |       ||    15
       Potion            |       |       |     1 ||     1
  Eat: Chunk             |     2 |    17 |     3 ||    22
Armor: Robe              |     3 |     4 |     5 ||    12
Dodge: Dodged            |    13 |    28 |     7 ||    48
